 Dungeon Sprint DCSS version 0.31-a0-806-g0bc164a743 (webtiles) character file.

Game seed: 8140259510632996468

27470 sircluck the Brawler (level 13, -6/172 HPs)
             Began as a Troll Berserker on Sept 21, 2023.
             Was a High Priest of Trog.
             Mangled by an orc knight
             ... wielding a +0 halberd
              (10 damage)
             ... in the Dungeon (Sprint III: "The Ten Rune Challenge").
             The game lasted 00:08:57 (2202 turns).

sircluck the Brawler (Troll Berserker)              Turns: 2202, Time: 00:08:57

Health: -6/172     AC: 10    Str: 32    XL:     13   Next: 4%
Magic:  12/12      EV: 12    Int:  3    God:    Trog [*****.]
Gold:   40         SH:  8    Dex:  9    Spells: 12/12 levels left

rFire   . .          .
                       - Unarmed
rCold   . . .        t - +2 kite shield {reflect}
rNeg    . . .        s - +0 swamp dragon scales
rPois   +            p - +1 hat {Stlth+}
rElec   .            (no cloak)
rCorr   .            (gloves unavailable)
SInv    .            (boots unavailable)
Will    .....        (no amulet)
Stlth   +            (no ring)
HPRegen 2.08/turn    (no ring)
MPRegen 0.13/turn

%: no teleportation, reflection
@: no status effects
A: large, unfitting armour, claws 3, regeneration 2, shaggy fur 1, tough skin 1,
robust 1
a: Renounce Religion, Berserk, Trog's Hand, Brothers in Arms


You were in the Dungeon.
You worshipped Trog.
Trog was extremely pleased with you.
You visited 1 branch You collected 40 gold pieces.

Inventory:

Missiles
 g - 5 silver javelins
Armour
 a - a +0 animal skin
 p - a +1 hat of stealth (worn)
 s - +0 swamp dragon scales (worn)
 t - a +2 kite shield of reflection (worn)
Wands
 n - a wand of charming (10)
Scrolls
 h - 3 scrolls of revelation {unknown}
 j - a scroll of poison {unknown}
 k - 3 scrolls of identify
 m - a scroll of immolation {unknown}
Potions
 b - a potion of curing
 d - 3 potions of haste
 e - 2 potions of magic
 f - a potion of berserk rage
 i - 3 potions of mutation
 l - 2 potions of degeneration {unknown}
 q - a potion of attraction {unknown}
 r - a potion of invisibility {unknown}
Miscellaneous
 o - a tin of tremorstones (1/2)


   Skills:
 + Level 17.4 Fighting
 + Level 17.2 Dodging
 + Level 20.1 Unarmed Combat


You had 12 spell levels left.
You didn't know any spells.
Your spell library was empty.

Dungeon Overview and Level Annotations

Branches:
Dungeon (1/1)

Altars:
Cheibriados
Dithmenos
Elyvilon
Fedhas
Gozag
Hepliaklqana
Kikubaaqudgha
Makhleb
Nemelex Xobeh
Okawaru
Qazlal
Ru
Sif Muna
Trog
Uskayaw
Vehumet
Wu Jian
Xom
Yredelemnul
Zin
The Shining One
Jiyva
Lugonu

Shops:
D :![(!=:

Annotations:
D exclusion: 2 doors, Lernaean hydra


Innate Abilities, Weirdness & Mutations

You are too large for most types of armour.
You have claws for hands.
You heal very quickly.
You are covered in fur. (AC +1)
You have tough skin. (AC +1)
You are robust. (+10% HP)


Message History

* * * LOW HITPOINT WARNING * * *
The orc priest calls down the wrath of Beogh upon you.
Beogh smites you!
* * * LOW HITPOINT WARNING * * *
The orc knight hits you with a +0 halberd!
* * * LOW HITPOINT WARNING * * *
Something hits you.
* * * LOW HITPOINT WARNING * * *
The orc hits you with a +0 heavy flail.
* * * LOW HITPOINT WARNING * * *
The tremorstone explodes into fragments!
The burst of rock shards engulfs the orc!!
You kill the orc!
Trog accepts your kill. Trog grants you a weapon!
Something appears at your feet!
You see here a +3 antimagic quarterstaff.
The burst of rock shards engulfs the orc wizard! x2
You kill the orc wizard!
Trog accepts your kill.
Trog appreciates your killing of a magic user.
The burst of rock shards engulfs the orc!!
You kill the orc!
Trog accepts your kill.
The burst of rock shards engulfs something!
The burst of rock shards engulfs the orc warrior but does no damage.
The burst of rock shards engulfs the orc knight!
The burst of rock shards engulfs something!!
Trog accepts your kill.
Trog appreciates your killing of a magic user.
Reactivating autopickup.
You feel a bit more experienced.
The burst of rock shards engulfs the orc wizard!!
You kill the orc wizard!
Trog accepts your kill.
Trog appreciates your killing of a magic user.
The burst of rock shards engulfs the orc warrior!
The burst of rock shards engulfs the orc priest!
The orc knight hits you with a +0 halberd!
You die...

▓▓▓ ##.################ $
##..#___#___#__#$#$####$.
.#..#.).#__)#._#))).....$
.#..###'#†###)##o{o)....$
'#..#..........#o)ooo...$
#...'.⌠........#@###$#∩$#
#...#...######'#oo$$#
....#.⌠.#__#...#'################
....#...#__#...#..~§§§.#.')..'.#.
....#)###__#...#.#§§~#)#.#)..##.#
....#.).#__#...'.#§§§#.#.#...#.#.
....#___#__'...#.#§.§#...#...##.#
▓▓▓▓▓▓▓▓▓▓▓▓▓▓▓▓▓▓▓▓▓▓▓▓▓▓▓▓▓#.#.
~♣♣.....♣♣♣♣)~~........~~~...##.#


You could see an orc knight, 2 orc warriors, 3 orc priests, an orc wizard
(strong) and an orc (strong).

Vanquished Creatures
  Rupert (D)
  Gastronok (D)
  A nagaraja (D)
  2 dire elephants (D)
  Snorg (D)
  2 hydras (D)
  A centaur warrior (D)
  6 anacondas (D)
  A naga warrior (D)
  4 death yaks (D)
  Urug (D)
  A death drake (D)
  4 swamp dragons (D)
  A lindwurm (D)
  A deep elf pyromancer (D)
  2 elephants (D)
  5 black mambas (D)
  2 cane toads (D)
  2 unseen horrors (D)
  A rime drake (D)
  A komodo dragon (D)
  3 wandering mushrooms (D)
  2 tyrant leeches (D)
  8 blink frogs (D)
  A shadow (D)
  3 redbacks (D)
  A spatial vortex (D)
  2 nagas (D)
  2 water moccasins (D)
  3 orc warriors (D)
  3 swamp drakes (D)
  2 centaurs (D)
  An earth elemental (D)
  A necrophage (D)
  A water elemental (D)
  An electric eel (D)
  A jelly (D)
  Jessica (D)
  A necromancer (D)
  3 orc wizards (D)
  A wizard (D)
  3 humans (D)
  A kobold demonologist (D)
  A wolf (D)
  3 orcs (D)
  2 endoplasms (D)
92 creatures vanquished.

Vanquished Creatures (collateral kills)
  A hydra (D)
  2 black mambas (D)
  A water moccasin (D)
4 creatures vanquished.

Grand Total: 96 creatures vanquished

Notes
Turn   | Place    | Note
-------+----------+-------------------------------------------
     0 | D        | sircluck the Troll Berserker began the quest for the Orb.
     0 | D        | Reached XP level 1. HP: 22/22 MP: 0/0
    25 | D        | Noticed Jessica
    31 | D        | Killed Jessica
    31 | D        | Reached ** piety under Trog
    32 | D        | Reached skill level 4 in Unarmed Combat
    32 | D        | Reached XP level 2. HP: 17/32 MP: 1/1
    32 | D        | Reached XP level 3. HP: 21/39 MP: 2/2
    81 | D        | Reached skill level 5 in Unarmed Combat
   116 | D        | Gained mutation: You are robust. (+10% HP) [potion of
                  | mutation]
   116 | D        | Gained mutation: You heal very quickly. [potion of
                  | mutation]
   123 | D        | Noticed a water elemental
   128 | D        | Killed a water elemental
   128 | D        | Reached *** piety under Trog
   129 | D        | Reached skill level 5 in Fighting
   129 | D        | Reached skill level 5 in Dodging
   129 | D        | Reached skill level 6 in Unarmed Combat
   129 | D        | Reached XP level 4. HP: 55/55 MP: 3/3
   181 | D        | Found a radiant altar of Vehumet.
   181 | D        | Found a shimmering blue altar of Sif Muna.
   181 | D        | Found an ancient bone altar of Kikubaaqudgha.
   181 | D        | Noticed a wizard
   182 | D        | Killed a wizard
   183 | D        | Reached XP level 5. HP: 62/62 MP: 4/4
   198 | D        | Found a glowing silver altar of Zin.
   198 | D        | Found a glowing golden altar of the Shining One.
   198 | D        | Found a white marble altar of Elyvilon.
   198 | D        | Noticed a deep elf pyromancer
   203 | D        | Noticed a fire elemental
   203 | D        | Noticed a fire elemental
   203 | D        | Killed a deep elf pyromancer
   203 | D        | Reached **** piety under Trog
   204 | D        | Reached skill level 9 in Unarmed Combat
   204 | D        | Reached XP level 6. HP: 76/79 MP: 5/5
   204 | D        | Reached XP level 7. HP: 85/88 MP: 6/6
   212 | D        | Found a hide-covered altar of Uskayaw.
   212 | D        | Found an iron altar of Okawaru.
   212 | D        | Found a bloodstained altar of Trog.
   212 | D        | Found an ornate altar of the Wu Jian Council.
   212 | D        | Noticed a human
   212 | D        | Noticed a human
   221 | D        | Killed a human
   222 | D        | Reached skill level 10 in Unarmed Combat
   226 | D        | Killed a human
   253 | D        | Found a basalt altar of Yredelemnul.
   253 | D        | Found a shadowy altar of Dithmenos.
   253 | D        | Found a sacrificial altar of Ru.
   257 | D        | Reached ***** piety under Trog
   266 | D        | Noticed a shadow
   271 | D        | Killed a shadow
   272 | D        | Reached XP level 8. HP: 101/101 MP: 7/7
   281 | D        | Found a blossoming altar of Fedhas.
   281 | D        | Found a stormy altar of Qazlal.
   281 | D        | Found a snail-covered altar of Cheibriados.
   281 | D        | Found a burning altar of Makhleb.
   281 | D        | Found a shimmering altar of Xom.
   282 | D        | Found a hazy altar of Hepliaklqana.
   282 | D        | Found an opulent altar of Gozag.
   282 | D        | Found a sparkling altar of Nemelex Xobeh.
   282 | D        | Found a corrupted altar of Lugonu.
   282 | D        | Found a viscous altar of Jiyva.
   297 | D        | Reached skill level 11 in Unarmed Combat
   309 | D        | Noticed Snorg
   315 | D        | Killed Snorg
   316 | D        | Reached skill level 10 in Fighting
   316 | D        | Reached skill level 10 in Dodging
   316 | D        | Reached skill level 12 in Unarmed Combat
   329 | D        | Received a gift from Trog
   330 | D        | Reached XP level 9. HP: 80/112 MP: 8/8
   354 | D        | Noticed a centaur warrior
   359 | D        | Killed a centaur warrior
   367 | D        | Reached skill level 13 in Unarmed Combat
   396 | D        | Killed an unseen horror
   444 | D        | Killed an unseen horror
   483 | D        | Noticed a wandering mushroom
   488 | D        | Noticed a wandering mushroom
   490 | D        | Noticed a wandering mushroom
   493 | D        | Killed a wandering mushroom
   505 | D        | Reached ****** piety under Trog
   511 | D        | Noticed a cane toad
   511 | D        | Noticed a komodo dragon
   511 | D        | Noticed a cane toad
   515 | D        | Killed a cane toad
   516 | D        | Reached XP level 10. HP: 123/126 MP: 9/9
   519 | D        | Received a gift from Trog
   520 | D        | Reached skill level 14 in Unarmed Combat
   521 | D        | Killed a cane toad
   565 | D        | Received a gift from Trog
   697 | D        | Noticed an elephant
   697 | D        | Noticed an elephant
   699 | D        | Noticed a dire elephant
   700 | D        | Killed an elephant
   701 | D        | Reached skill level 15 in Unarmed Combat
   701 | D        | Noticed a dire elephant
   701 | D        | Noticed Gastronok
   706 | D        | Killed a dire elephant
   709 | D        | Killed an elephant
   713 | D        | Killed a dire elephant
   714 | D        | Reached XP level 11. HP: 139/139 MP: 10/10
   719 | D        | Killed Gastronok
   719 | D        | Received a gift from Trog
   720 | D        | Reached skill level 16 in Unarmed Combat
   756 | D        | Noticed an azure jelly
   756 | D        | Noticed an azure jelly
   756 | D        | Noticed an azure jelly
   757 | D        | Noticed an azure jelly
   764 | D        | Noticed Rupert
   784 | D        | Killed Rupert
   829 | D        | Noticed a death yak
   830 | D        | Noticed a death yak
   833 | D        | Noticed a death yak
   836 | D        | Killed a death yak
   840 | D        | Noticed a death yak
   847 | D        | Killed a death yak
   851 | D        | Killed a death yak
   852 | D        | Reached skill level 17 in Unarmed Combat
   861 | D        | Killed a death yak
   861 | D        | Received a gift from Trog
   880 | D        | Reached skill level 15 in Fighting
   882 | D        | HP: 5/145 [black mamba (7)]
  1183 | D        | Noticed a swamp dragon
  1183 | D        | Noticed a swamp dragon
  1274 | D        | Received a gift from Trog
  1373 | D        | Noticed a swamp dragon
  1378 | D        | Killed a swamp dragon
  1379 | D        | Reached skill level 15 in Dodging
  1383 | D        | Killed a swamp dragon
  1436 | D        | Noticed a swamp dragon
  1440 | D        | Killed a swamp dragon
  1441 | D        | Reached XP level 12. HP: 153/157 MP: 11/11
  1447 | D        | Reached skill level 18 in Unarmed Combat
  1462 | D        | Found Ovogualu's Book Shoppe.
  1462 | D        | Found Kunaneq's Distillery.
  1462 | D        | Found Jatrob's Antique Armour Emporium.
  1487 | D        | Noticed a seven-headed hydra
  1487 | D        | Noticed the 27-headed Lernaean hydra
  1501 | D        | Killed a seven-headed hydra
  1737 | D        | Noticed Urug
  1744 | D        | Killed Urug
  1750 | D        | Noticed an eight-headed hydra
  1750 | D        | Noticed a seven-headed hydra
  1765 | D        | Killed a 12-headed hydra
  1767 | D        | Killed a nine-headed hydra
  1782 | D        | Received a gift from Trog
  1830 | D        | Noticed an anaconda
  1830 | D        | Noticed an anaconda
  1838 | D        | Killed an anaconda
  1839 | D        | Reached skill level 19 in Unarmed Combat
  1846 | D        | Killed an anaconda
  1889 | D        | Noticed an anaconda
  1897 | D        | Killed an anaconda
  1900 | D        | Noticed an anaconda
  1908 | D        | Killed an anaconda
  1928 | D        | Noticed an anaconda
  1928 | D        | Noticed an anaconda
  1934 | D        | Killed an anaconda
  1934 | D        | Received a gift from Trog
  1936 | D        | Killed an anaconda
  1988 | D        | Noticed a naga warrior
  1988 | D        | Noticed a nagaraja
  2004 | D        | Killed a nagaraja
  2005 | D        | Reached skill level 20 in Unarmed Combat
  2005 | D        | Killed a naga warrior
  2006 | D        | Reached XP level 13. HP: 172/172 MP: 12/12
  2055 | D        | Found Sefriche's Antique Weapon Shop.
  2055 | D        | Found Puinkiunt's Distillery.
  2057 | D        | Found Xoraga's Jewellery Boutique.
  2188 | D        | Found Pukluuwk's Book Emporium.
  2201 | D        | HP: 8/172 [something (3)]
  2201 | D        | HP: 2/172 [orc/+0 heavy flail (6)]
  2202 | D        | Received a gift from Trog
  2202 | D        | Mangled by an orc knight

Illustrated notes

Levels and vault maps discovered:
D:        dungeon_sprint_mu [sprint_mu_entry_cave, sprint_mu_temple_rooms,
          sprint_mu_d1_horrors, sprint_mu_d2_genie, sprint_mu_d3_branching,
          sprint_mu_orc_legion, sprint_mu_elf_gauntlet, sprint_mu_hive_nellie,
          sprint_mu_lair_fedhas, sprint_mu_vaults_butterflies,
          sprint_mu_slime_circle, sprint_mu_swamp_cave, sprint_mu_snake_twists,
          sprint_mu_blade_basic, sprint_mu_crypt_chambers,
          sprint_mu_tomb_spiral, sprint_mu_vestibule_basic,
          sprint_mu_gehenna_hellfire, sprint_mu_dis_giant,
          sprint_mu_tartarus_statrot, sprint_mu_cocytus_islands, sprint_mu_zot1]

Skill      XL: |  1  2  3  4  5  6  7  8  9 10 11 12 |
---------------+-------------------------------------+-----
Fighting       | 3 5 8 9 10 12 13 15 17 | 17.4
Dodging        | 3 5 7 9 10 11 13 15 17 | 17.2
Unarmed Combat | 4 6 9 10 12 13 15 17 20 | 20.1

Action                     |  1- 3 |  4- 6 |  7- 9 | 10-12 | 13-15 || total
---------------------------+-------+-------+-------+-------+-------++-------
  Melee: Unarmed           |    22 |     8 |    88 |   205 |    22 ||   345
         Punch             |     1 |     1 |     2 |    18 |     1 ||    23
 Invoke: Berserk           |     1 |       |       |     6 |       ||     7
         Brothers in Arms  |       |       |       |     7 |       ||     7
  Evoke: Tin of tremorston |       |       |       |       |     1 ||     1
    Use: Potion            |     1 |       |       |     2 |     1 ||     4
         Scroll            |       |       |       |     1 |       ||     1
   Stab: Distracted        |       |       |       |     3 |       ||     3
 Armour: Animal skin       |    15 |     4 |    86 |    53 |       ||   158
         Swamp dragon scal |       |       |       |    83 |    31 ||   114
  Dodge: Dodged            |     8 |     1 |    39 |    86 |    15 ||   149
  Block: Kite shield       |       |       |       |       |    12 ||    12

Table legend: (Time is in decaauts)
 A = Elapsed time spent in this place.
 B = Non-inter-level travel time spent in this place.
 C = Inter-level travel time spent in this place.
 D = Time resting spent in this place.
 E = Time spent auto-exploring this place.
 F = Levels seen in this place.
 G = Mean time per level.
                   A        B        C        D        E       F      G
               +--------+--------+--------+--------+--------+-----+--------+
         Total |   2177 |   2011 |    166 |   1106 |    170 |   1 | 2177.0 |
       Dungeon |   2177 |   2011 |    166 |   1106 |    170 |   1 | 2177.0 |
               +--------+--------+--------+--------+--------+-----+--------+

Top non-repeatable levels by time:
       D: 2177 daAuts
